 Dungeon Crawl Stone Soup version 0.29-a0-1033-gb6c65ffae6 (webtiles) character file.

Game seed: 12156555363309950273

0 Monkooky the Sneak (level 1, -1/18 HPs)
             Began as a Barachi Delver on Aug 15, 2022.
             Slain by an ufetubus (2 damage)
             ... on level 3 of the Dungeon.
             The game lasted 00:01:11 (107 turns).

Monkooky the Sneak (Barachi Delver)                  Turns: 107, Time: 00:01:12

Health: -1/18      AC:  3    Str: 13    XL:     1   Next: 10%
Magic:  1/1        EV: 12    Int: 10    God:
Gold:   29         SH:  0    Dex: 13    Spells: 0/0 levels left

rFire   . . .      SeeInvis .   a - +0 short sword
rCold   . . .      Faith    .   (no shield)
rNeg    . . .      Spirit   .   b - +0 leather armour
rPois   .          Reflect  .   (no helmet)
rElec   .          Harm     .   (no cloak)
rCorr   .          Rampage  .   (no gloves)
Will    .....                   (no boots)
Stlth   ++........              (no amulet)
HPRegen 0.06/turn               (no ring)
MPRegen 0.07/turn               (no ring)

@: unable to hop, slow
A: amphibious, slowness 1, strong legs 1, +LOS
a: Hop


You were on level 3 of the Dungeon.
You visited 1 branch of the dungeon, and saw 3 of its levels.

You collected 29 gold pieces.

Inventory:

Hand Weapons
 a - a +0 short sword (weapon)
 h - a +0 dagger
Armour
 b - a +0 leather armour (worn)
Wands
 g - a wand of digging (3)
Scrolls
 e - a scroll of fear
Potions
 f - a potion of haste


   Skills:
 - Level 3.6 Fighting
 + Level 2.2 Short Blades
 - Level 2.1 Dodging
 - Level 4.5 Stealth


You couldn't memorise any spells.
You didn't know any spells.
Your spell library was empty.

Dungeon Overview and Level Annotations

Branches:
Dungeon (5/15)
 Temple: D:4-7

Altars:


Innate Abilities, Weirdness & Mutations

You are amphibious.
You cover ground slowly.
You can hop short distances.
You have an extended range of vision and can be seen from far away.


Message History

The ogre attacks as you move away! The ogre barely misses you.
The ogre attacks as you move away! The ogre completely misses you.
The ogre attacks as you move away! The ogre barely misses you.
Found a stone staircase leading down.
The ogre attacks as you move away! The ogre barely misses you.
The ogre closely misses you.
There is a stone staircase leading down here.
You climb downwards.
There is a stone staircase leading up here.
A giant cockroach comes into view.
An ufetubus comes into view.
Found a stone staircase leading down.
A worm comes into view.
The ufetubus shouts!
The ufetubus hits you. The ufetubus barely misses you.
The ufetubus attacks as you move away! The ufetubus closely misses you. x2
The ufetubus attacks as you move away! The ufetubus barely misses you. x2
The ufetubus closely misses you. x2
The ufetubus attacks as you move away! The ufetubus barely misses you.
The ufetubus hits you. x3
The ufetubus completely misses you. The ufetubus hits you. x2
* * * LOW HITPOINT WARNING * * *
The ufetubus barely misses you.
The ufetubus hits you but does no damage. x2
There is a stone staircase leading up here.
The ufetubus completely misses you. The ufetubus hits you.
* * * LOW HITPOINT WARNING * * *
The ufetubus hits you.
* * * LOW HITPOINT WARNING * * *
The ufetubus completely misses you.
You climb upwards.
There is a stone staircase leading down here.
You hit the ufetubus.
The ufetubus is moderately wounded.
The ufetubus hits you but does no damage.
The ufetubus barely misses you.
You closely miss the ufetubus.
The ufetubus is lightly wounded.
The ufetubus closely misses you. The ufetubus hits you.
You die...

#####
##...##
#.....###
#..@....#
#...5.#.....
##...## ..
##.##
#####.#
#...#.#
###.#.#.#
#...#..!#
#.#####.#


You could see an ufetubus.

Vanquished Creatures
  A kobold (D:4)
1 creature vanquished.

Notes
Turn   | Place    | Note
-------+----------+-------------------------------------------
     0 | D:5      | Monkooky the Barachi Delver began the quest for the Orb.
     0 | D:5      | Reached XP level 1. HP: 18/18 MP: 1/1
    34 | D:4      | Noticed an ogre
   107 | D:3      | Slain by an ufetubus

Illustrated notes

Levels and vault maps discovered:
D:3:      layout_loops_corners, fiery_altar_vehumet, amcnicky_altar_gilded,
          serial_shops, shop, uniq_crazy_yiuf_cottage
D:4:      layout_loops_ring, mainiacjoe_overflow_alcove_4,
          mainiacjoe_overflow_alcove_2, yredelemnul_altar_generic,
          minmay_hollow_rounded_squares
D:5:      layout_layer_cave, led_xom_imps, mainiacjoe_overflow_boulevard,
          kennysheep_mini, minmay_manual_macuahuitl

Action                   || total
-------------------------++-------
Melee: Short sword       ||     8
 Abil: Hop               ||     1
  Use: Scroll            ||     2
Armor: Leather armour    ||     3
Dodge: Dodged            ||    28

Table legend: (Time is in decaauts)
 A = Elapsed time spent in this place.
 B = Non-inter-level travel time spent in this place.
 C = Inter-level travel time spent in this place.
 D = Time resting spent in this place.
 E = Time spent auto-exploring this place.
 F = Levels seen in this place.
 G = Mean time per level.
                   A        B        C        D        E       F      G
               +--------+--------+--------+--------+--------+-----+--------+
         Total |    123 |    123 |      0 |      0 |      0 |   3 |   41.0 |
       Dungeon |    123 |    123 |      0 |      0 |      0 |   3 |   41.0 |
               +--------+--------+--------+--------+--------+-----+--------+

Top non-repeatable levels by time:
     D:4: 81 daAuts
     D:3: 24 daAuts
     D:5: 17 daAuts
